 Seeded DCSS version 0.29.1-15-g9cfb28693d (webtiles) character file.

Game seed: 15822848163574757677 (custom seed)

204 kingofthe the Conjurer (level 5, -8/28 HPs)
             Began as a Deep Elf Conjurer on Mar 9, 2023.
             Was an Initiate of Sif Muna.
             Mangled by an ogre
             ... wielding a +0 giant club
              (36 damage)
             ... on level 4 of the Dungeon.
             The game lasted 00:06:00 (3540 turns).

kingofthe the Conjurer (Deep Elf Conjurer)          Turns: 3540, Time: 00:06:01

Health: -8/28      AC:  3    Str:  4    XL:     5   Next: 52%
Magic:  10/14      EV: 13    Int: 23    God:    Sif Muna [......]
Gold:   213        SH:  0    Dex: 15    Spells: 6/14 levels left

rFire   . . .      SeeInvis .   (no weapon)
rCold   . . .      Faith    .   (no shield)
rNeg    . . .      Spirit   .   a - +0 robe
rPois   .          Reflect  .   (no helmet)
rElec   .          Harm     .   (no cloak)
rCorr   .          Rampage  .   h - +0 pair of gloves
Will    .....                   (no boots)
Stlth   ++........              (no amulet)
HPRegen 0.09/turn               (no ring)
MPRegen 0.14/turn               (no ring)

@: no status effects
A: no striking features
a: Renounce Religion


You were on level 4 of the Dungeon.
You worshipped Sif Muna.
Sif Muna was noncommittal.
You visited 1 branch of the dungeon, and saw 4 of its levels.

You collected 213 gold pieces.


   Skills:
 - Level 3.5 Dodging
 - Level 3.0 Stealth
 + Level 5.3 Spellcasting
 + Level 5.8 Conjurations
 * Level 0.0 Hexes


You had 6 spell levels left.
You knew the following spells:

 Your Spells              Type           Power      Damage    Failure   Level
a - Magic Dart            Conj           100%       1d8       1%          1
b - Searing Ray           Conj           66%        2d6       1%          2
c - Foxfire               Conj/Fire      76%        2x1d7     2%          1
d - Fulminant Prism       Conj/Hex       9%         3d7       26%         4

Your spell library contained the following spells:

 Spells                   Type           Power      Damage    Failure   Level
 Conjure Flame            Conj/Fire      19%        6-21      9%          3
 Dazzling Flash           Conj/Hex       38%        N/A       9%          3
 Mephitic Cloud           Conj/Pois/Air  15%        N/A       12%         3
 Call Canine Familiar     Summ           6%         N/A       26%         3
 Ignite Poison            Fire/Tmut/Pois 6%         N/A       26%         3
 Inner Flame              Hex/Fire       6%         N/A       26%         3
 Portal Projectile        Hex/Tloc       12%        N/A       26%         3
 Flame Wave               Conj/Fire      19%        2d7       26%         4
 Iskenderun's Mystic Bla  Conj/Tloc      19%        2d6       26%         4
 Leda's Liquefaction      Hex/Erth       3%         N/A       65%         4
 Freezing Cloud           Conj/Ice/Air   7%         6-21      75%         5

Inventory:

Missiles
 r - a throwing net {=f}
Armour
 a - a +0 robe (worn)
 h - a +0 pair of gloves (worn)
 i - the +1 ring mail "Vuekuas" {Will+ Str+3}
   (You found it on level 2 of the Dungeon)

   Str:       It affects your strength (+3).
   Will:      It increases your willpower.
 o - the +3 scale mail of the Viny Hot Ocelot {rElec rPois Stlth+}
   (You found it on level 3 of the Dungeon)

   rElec:     It insulates you from electricity.
   rPois:     It protects you from poison.
   Stlth:     It makes you more stealthy.
Wands
 k - a wand of quicksilver (3)
Scrolls
 c - 5 scrolls of identify {unknown}
 f - 2 scrolls of vulnerability {unknown}
 g - a scroll of brand weapon {unknown}
 j - 2 scrolls of teleportation {unknown}
 n - a scroll of noise {unknown}
Potions
 b - a potion of magic
 d - 3 potions of haste {unknown}
 e - a potion of experience {unknown}
 l - a potion of curing {unknown}
 m - 2 potions of mutation {unknown}
 p - a potion of degeneration {unknown}
 q - a potion of flight {unknown}

Dungeon Overview and Level Annotations

Branches:
Dungeon (4/15)
 Temple: D:4-7

Altars:
Sif Muna
Trog
Zin

Annotations:
D:4 Dowan

################..........
#....................
######..)........####.....
..##............## ....
................# ..
######..........# #####..
### #..........# ...=...
<.####.........v##......(
#...............@O.[.....
######...........v.......
#...........#.....[.
###....###(..#######
#.##.# ###..# ...##...
#..# ######.... ...#
#.....# .#... #.....# ###.


You could see an ogre (ally target).


Message History

Found a twisted peridot ring.
An ogre comes into view. It is wielding a +0 giant club.
Found a pair of boots.
Found 6 stones.
Casting: Foxfire (safe; 2% risk of failure)
Confirm with . or Enter, or press ? or * to list all spells.
You conjure some foxfire!
Casting: Foxfire (safe; 2% risk of failure)
Confirm with . or Enter, or press ? or * to list all spells.
You conjure some foxfire!
The foxfire hits the ogre.
The ogre is moderately wounded.
The foxfire hits the ogre but does no damage.
The ogre is moderately wounded.
Casting: Foxfire (safe; 2% risk of failure)
Confirm with . or Enter, or press ? or * to list all spells.
You conjure some foxfire!
The foxfire hits the ogre.
The ogre is moderately wounded.
The foxfire hits the ogre.
The ogre is heavily wounded.
The ogre attacks as you move away! The ogre completely misses you.
The foxfire hits the ogre.
The ogre is severely wounded.
The foxfire hits the ogre.
The ogre is almost dead.
Casting: Foxfire (safe; 2% risk of failure)
Confirm with . or Enter, or press ? or * to list all spells.
You conjure some foxfire!
The ogre hits you with a +0 giant club!!!
Ouch! That really hurt!
You die...

Skill      XL: |  1  2  3  4 |
---------------+-------------+-----
Dodging        | 3 |  3.5
Conjurations   | 5 |  5.8
Stealth        | 3 |  3.0
Spellcasting   | 4 5 |  5.3

Action                   |  1- 3 |  4- 6 || total
-------------------------+-------+-------++-------
 Cast: Magic Dart        |    54 |    16 ||    70
       Searing Ray       |     9 |     3 ||    12
       Foxfire           |    11 |    30 ||    41
Armor: Robe              |     1 |     2 ||     3
Dodge: Dodged            |     1 |     8 ||     9

Levels and vault maps discovered:
D:1:      heliophobic_arrival_enchanted_forest, layout_loops_ring,
          minmay_misc_feat_enclosed, minmay_tromino_v4_a
D:2:      kennysheep_big_flooded_room, layout_rooms, kennysheep_generic_room_13
D:3:      layout_loops_corners, zin_statuary, mainiacjoe_overflow_boulevard,
          mainiacjoe_overflow_six_doors_small, guppyfry_early_lair_pool,
          uniq_jessica
D:4:      layout_rooms, uniq_duvessa

Notes
Turn   | Place    | Note
-------+----------+-------------------------------------------
     0 | D:1      | kingofthe the Deep Elf Conjurer began the quest for the
                  | Orb.
     0 | D:1      | Reached XP level 1. HP: 10/10 MP: 6/6
   199 | D:1      | Reached XP level 2. HP: 15/15 MP: 5/8
   229 | D:1      | Learned a level 2 spell: Searing Ray
   569 | D:1      | Reached skill level 3 in Dodging
   746 | D:1      | Reached XP level 3. HP: 19/19 MP: 2/10
  1424 | D:2      | Identified the +1 ring mail "Vuekuas" {Will+ Str+3}
  1625 | D:2      | Learned a level 1 spell: Foxfire
  1655 | D:2      | Reached skill level 5 in Conjurations
  1659 | D:2      | Reached skill level 3 in Stealth
  1797 | D:3      | Noticed Jessica
  1811 | D:3      | Killed Jessica
  1812 | D:3      | Reached skill level 4 in Spellcasting
  1812 | D:3      | Reached XP level 4. HP: 24/24 MP: 8/12
  1864 | D:3      | Found a bloodstained altar of Trog.
  1966 | D:3      | Identified the +3 scale mail of the Viny Hot Ocelot {rElec
                  | rPois Stlth+}
  2361 | D:3      | Found a shimmering blue altar of Sif Muna.
  2383 | D:3      | Became a worshipper of Sif Muna the Loreminder
  2894 | D:3      | Found a glowing silver altar of Zin.
  3035 | D:4      | Noticed a scorpion
  3045 | D:4      | Killed a scorpion
  3046 | D:4      | Reached skill level 5 in Spellcasting
  3046 | D:4      | Reached XP level 5. HP: 9/28 MP: 5/14
  3501 | D:4      | Noticed Dowan
  3510 | D:4      | Learned a level 4 spell: Fulminant Prism
  3534 | D:4      | Noticed an ogre
  3540 | D:4      | Mangled by an ogre

Vanquished Creatures
  A scorpion (D:4)
  Jessica (D:3)
  An iguana (D:4)
  An adder (D:2)
  2 worms (D:2)
  3 dart slugs
  4 orcs (D:3)
  8 endoplasms
  A giant cockroach (D:1)
  7 goblins
  3 hobgoblins
  4 jackals (D:3)
  3 quokkas
  8 ball pythons
  3 bats
  4 frilled lizards (D:1)
  8 kobolds
  2 rats
64 creatures vanquished.

Vanquished Creatures (others)
  66 foxfires
  A plant (D:3)
67 creatures vanquished.

Grand Total: 131 creatures vanquished

Table legend: (Time is in decaauts)
 A = Elapsed time spent in this place.
 B = Non-inter-level travel time spent in this place.
 C = Inter-level travel time spent in this place.
 D = Time resting spent in this place.
 E = Time spent auto-exploring this place.
 F = Levels seen in this place.
 G = Mean time per level.
                   A        B        C        D        E       F      G
               +--------+--------+--------+--------+--------+-----+--------+
         Total |   3540 |   3382 |    158 |    226 |   2784 |   4 |  885.0 |
       Dungeon |   3540 |   3382 |    158 |    226 |   2784 |   4 |  885.0 |
               +--------+--------+--------+--------+--------+-----+--------+

Top non-repeatable levels by time:
     D:3: 1494 daAuts
     D:1: 1117 daAuts
     D:2: 663 daAuts
     D:4: 265 daAuts

Table legend:
 A = Non-vault XP
 B = Vault XP
 C = Vault XP percentage of total XP
 D = Non-vault monster count
 E = Vault monster count
 F = Vault count percentage of total count
                 A         B        C        D         E       F
            +---------+---------+-------+---------+---------+-------
      Total |     242 |      50 |  17.1 |      56 |       8 |  12.5
            +---------+---------+-------+---------+---------+-------
        D:1 |      46 |       6 |  11.5 |      27 |       4 |  12.9
        D:2 |      34 |       7 |  17.1 |      10 |       3 |  23.1
        D:3 |      36 |      37 |  50.7 |      15 |       1 |   6.2
        D:4 |     126 |       0 |   0.0 |       4 |       0 |   0.0
            +---------+---------+-------+---------+---------+-------
